 Dungeon Crawl Stone Soup version 0.29.1-2-gbd0b4ee654 (webtiles) character file.

Game seed: 7828847000675810411

635 Sabo the Covered (level 7, 0/44 HPs)
             Began as a Gargoyle Fighter on Nov 20, 2022.
             Was a Follower of Ashenzari.
             Slain by an ice beast (11 damage)
             ... on level 5 of the Dungeon.
             The game lasted 00:23:26 (5659 turns).

Sabo the Covered (Gargoyle Fighter)                 Turns: 5659, Time: 00:23:26

Health: 0/44       AC: 17    Str: 21    XL:     7   Next: 50%
Magic:  7/7        EV:  7    Int: 13    God:    Ashenzari [*.....]
Gold:   205        SH:  5    Dex: 13    Spells: 6/6 levels left

rFire   . . .      SeeInvis .   u - +5 dagger "Eternal Dissatisfaction" {flame, rElec Int-2 Dex+4 Stlth+, Comp, Melee} (curse)
rCold   . . .      Faith    .   c - +0 buckler
rNeg    + . .      Spirit   .   p - +0 chain mail
rPois   ∞          Reflect  .   e - +0 helmet
rElec   +          Harm     .   (no cloak)
rCorr   .          Rampage  .   (no gloves)
Will    +....                   j - +0 pair of boots
Stlth   ..........              (no amulet)
HPRegen 0.14/turn               v - ring "Per Aspera Ad Scientiam" {Will+, Range, Evo} (curse)
MPRegen 0.10/turn               w - +6 ring of intelligence

@: no status effects
A: sickness immunity, AC +4, negative energy resistance 1, electricity
resistance, torment resistance 1, petrification resistance
a: Renounce Religion, Curse Item, Shatter the Chains


You were on level 5 of the Dungeon.
You worshipped Ashenzari.
Ashenzari was aware of your devotion.
You visited 1 branch of the dungeon, and saw 5 of its levels.

You collected 205 gold pieces.

Inventory:

Hand Weapons
 a - a +0 war axe
 g - a +0 shortbow
 u - the cursed +5 dagger "Eternal Dissatisfaction" (weapon) {flame, rElec Int-2 Dex+4 Stlth+, Comp, Melee}
   (You found it on level 3 of the Dungeon)

   It burns those it strikes, dealing additional fire damage.
   Int:       It affects your intelligence (-2).
   Dex:       It affects your dexterity (+4).
   rElec:     It insulates you from electricity.
   Stlth:     It makes you more stealthy.
   It has a curse which improves the following skills: Companions: Summonings
   and Necromancy.
   Melee Combat: Short Blades, Long Blades, Axes, Maces & Flails, Polearms,
   Staves and Unarmed Combat.
Missiles
 d - 3 throwing nets
 n - 9 poisoned darts (quivered)
Armour
 c - a +0 buckler (worn)
 e - a +0 helmet (worn)
 j - a +0 pair of boots (worn)
 p - a +0 chain mail (worn)
Jewellery
 v - the cursed ring "Per Aspera Ad Scientiam" (left hand) {Will+, Range, Evo}
   (You found it on level 3 of the Dungeon)

   [ring of willpower]

   Will:      It increases your willpower.
   It has a curse which improves the following skills: Ranged Combat: Ranged
   Weapons and Throwing.
   Evocations: Evocations.
 w - a +6 ring of intelligence (right hand)
Scrolls
 b - 4 scrolls of teleportation
 i - a scroll of fog
 m - a scroll of blinking
 r - 3 scrolls of magic mapping
Potions
 f - 2 potions of mutation
 h - 6 potions of curing
 k - a potion of resistance
 l - a potion of might
 o - a potion of berserk rage
 q - a potion of brilliance
 s - 2 potions of haste
 t - 2 potions of heal wounds
 x - a potion of flight


   Skills:
 + Level 4.6 Fighting
 + Level 2.4(3.1) Short Blades
 + Level 4.3(5.1) Axes
 + Level 5.4 Armour
 + Level 1.0 Dodging
 + Level 0.5 Stealth
 + Level 4.1 Shields


You had 6 spell levels left.
You didn't know any spells.
Your spell library contained the following spells:

 Spells                   Type           Power      Damage    Failure   Level
 Sandblast                Erth           0%         2d4       98%         1
 Passwall                 Tmut/Erth      0%         N/A       99%         2
 Stone Arrow              Conj/Erth      0%         3d7       100%        3


Dungeon Overview and Level Annotations

Branches:
Dungeon (5/15)             Temple (0/1) D:4

Altars:
Ashenzari
Gozag
Sif Muna


Innate Abilities, Weirdness & Mutations

You are immune to sickness and miasma.
Your stone body is resilient. (AC +4)
You are immune to poison.
You resist negative energy. (rN+)
You are resistant to electric shocks. (rElec)
You are resistant to unholy torment.
You are immune to petrification.


Message History

The ufetubus hits you but does no damage.
The ufetubus barely misses you. x2
You closely miss the ufetubus.
The ufetubus is severely wounded.
The ufetubus hits you but does no damage. x2
You hit the ufetubus. You burn the ufetubus.
You kill the ufetubus!
You see here a scroll of identify.
Found a +0 mace.
You open the door.
There is an open door here.
You open the door.
There is an open door here.
There is an open door here.
You open the door.
An ice beast comes into view.
Found a +0 crystal plate armour.
Found a +0 robe.
There is an open door here.
You closely miss the ice beast.
The ice beast hits you but does no damage.
You hit the ice beast but do no damage.
The ice beast hits you but does no damage.
You hit the ice beast.
You melt the ice beast.
The ice beast is lightly wounded.
You barely miss the ice beast.
The ice beast is lightly wounded.
The ice beast hits you. The ice beast freezes you!
You hit the ice beast but do no damage.
The ice beast is lightly wounded.
The ice beast hits you but does no damage.
You hit the ice beast.
You melt the ice beast.
The ice beast is heavily wounded.
The ice beast hits you. The ice beast freezes you!
You hit the ice beast but do no damage.
The ice beast is heavily wounded.
The ice beast hits you.
* * * LOW HITPOINT WARNING * * *
The ice beast freezes you!
You die...

...........### #.###########.
#...#.####...#######.#.........#.
#.#..............................
#.#.#.######.#####....#.######.#.
..#.#.# #.## #....#.## #.#.
###.#.# ####... #.......# #.#.
....#.# ....[.. #.......# #.#.
#####.# .......###.......# #.##
#.# [......Y@###'##.## #..
#####.# .......#........# ###
......# .......#####...##########
...#### ....... ###..##......)
...# ####### ####'##....... ...#
#............. ...##########
#............. ####........#
#............. ####........#
#.....#.......


You could see an ice beast.

Vanquished Creatures
  A centaur (D:4)
  A phantom (D:5)
  A scorpion (D:5)
  2 hounds (D:4)
  An orc priest (D:4)
  Jessica (D:3)
  Terence (D:3)
  An iguana (D:5)
  2 orc wizards (D:4)
  7 gnolls
  3 adders
  An ufetubus (D:5)
  A worm (D:3)
  4 dart slugs
  4 orcs
  10 endoplasms
  9 giant cockroaches
  7 goblins
  7 hobgoblins
  13 jackals
  2 quokkas (D:1)
  3 ball pythons (D:1)
  3 bats
  6 frilled lizards
  4 kobolds
  6 rats
101 creatures vanquished.

Vanquished Creatures (others)
  3 withered plants (D:2)
3 creatures vanquished.

Grand Total: 104 creatures vanquished

Notes
Turn   | Place    | Note
-------+----------+-------------------------------------------
     0 | D:1      | Sabo the Gargoyle Fighter began the quest for the Orb.
     0 | D:1      | Reached XP level 1. HP: 14/14 MP: 1/1
   109 | D:1      | Reached XP level 2. HP: 19/19 MP: 2/2
   367 | D:1      | Reached XP level 3. HP: 23/24 MP: 3/3
  1725 | D:2      | Found a faded altar of an unknown god.
  1775 | D:2      | Prayed at the altar of an unknown god.
  1775 | D:2      | Became a worshipper of Ashenzari the Shackled
  1803 | D:2      | Reached XP level 4. HP: 27/29 MP: 4/4
  2612 | D:3      | Identified the +5 dagger of Crystal {flame, rElec Int-2
                  | Dex+4 Stlth+}
  2685 | D:3      | Reached XP level 5. HP: 33/33 MP: 5/5
  2738 | D:3      | Noticed Terence
  2740 | D:3      | Noticed Jessica
  2750 | D:3      | Killed Terence
  2763 | D:3      | Killed Jessica
  2764 | D:3      | Reached skill level 4 in Armour
  3036 | D:3      | Found a shimmering blue altar of Sif Muna.
  3639 | D:4      | Noticed a centaur
  3651 | D:4      | Killed a centaur
  3652 | D:4      | Reached skill level 1 in Short Blades
  3652 | D:4      | Reached XP level 6. HP: 20/38 MP: 6/6
  3903 | D:4      | Reached * piety under Ashenzari
  3969 | D:4      | Found an opulent altar of Gozag.
  4525 | D:4      | Reached XP level 7. HP: 29/44 MP: 7/7
  4680 | D:4      | Found a staircase to the Ecumenical Temple.
  4887 | D:5      | Entered Level 5 of the Dungeon
  4965 | D:5      | Reached skill level 5 in Armour
  5155 | D:5      | Reached skill level 1 in Dodging
  5659 | D:5      | Slain by an ice beast

Illustrated notes

Levels and vault maps discovered:
D:1:      minmay_arrival_doors, layout_loops_ring, serial_rivers,
          chequers_serial_rivers_small_a, chequers_serial_rivers_small_a,
          chequers_serial_rivers_marsh, chequers_serial_rivers_micro_a,
          chequers_serial_rivers_room_a, chequers_serial_rivers_micro_b
D:2:      layout_basic, ebering_ecumenical_altar_petrified
D:3:      layout_rooms, tgw_sif, nicolae_hexahallways,
          minmay_misc_feat_ornament, uniq_terence
D:4:      layout_loops_ring, mainiacjoe_overflow_surrounded_room,
          minmay_temple_entry_enclosed_plants, serial_glass, glass_columns_c,
          glass_columns_b
D:5:      layout_basic

Skill      XL: |  1  2  3  4  5  6  7 |
---------------+----------------------+-----
Axes           | 2 3 4 |  4.3
Fighting       | 4 |  4.6
Armour         | 4 5 |  5.4
Short Blades   | 1 2 |  2.4
Dodging        | 1 |  1.0
Shields        | 4 |  4.1
Stealth        | |  0.5

Action                   |  1- 3 |  4- 6 |  7- 9 || total
-------------------------+-------+-------+-------++-------
Melee: War axe           |   127 |    53 |       ||   180
       Dagger            |       |   118 |    46 ||   164
Invok: Curse Item        |       |     2 |       ||     2
  Use: Potion            |       |     2 |       ||     2
       Scroll            |       |     3 |       ||     3
Armor: Scale mail        |    68 |       |       ||    68
       Chain mail        |     9 |   139 |    21 ||   169
Dodge: Dodged            |    75 |    60 |    11 ||   146
Block: Buckler           |    30 |    47 |     9 ||    86
